woodfighter, chaotic female orcish Cavewoman --- --------- --- --.--- --.--.|..| --.-- -....--- |<.......| ---...| .--....-- ----------- |.......-- ---- --....--- -.|.....| |.........-- ---.....| |..---..--...-- |......--- |...--.....| ------.|.-- --.......-|.|..------...|...-- ---........-- |......|.|--------- --.........|.|...........--->.-- |.........---- |-..---|.|-.......| |..(.......|.|--..-------.--...| |.---........-- |...| |.|........| --......---|^| ---- |.......-- |.| |-........| ---.--- |.|-.......| -----.-- |.| |-[[.....| |.| |.........--- |.e.| |.||-......| --- |.| --....--.-- |.| --..|^......|--@--- |.--.......| |.--- |.....||-- |)| -----......|...| |..........| |...| |.....--.--- |.| |......|.--- .......---.^| ----.---- |..........---|.| --....--.| ...... |..- |..|....----|............||.----- ----.|..-- ...- --. |..........||......^.....--**...-- |.....| --- ----.......|---....).............| ---...| |...--.-- ----.....--........| |..-- |..----- ----.----..|.|.-- ---- ---- --- -------- woodfighter the Young Cave Woman Experience level: 8 Strength: 18/02 Dexterity: 13 Constitution: 18 Intelligence: 7 Wisdom: 7 Charisma: 12 Health: 0(84) Energy: 20(20) Def: 13 Gold: 0 Moves: 4333 Dungeon seed: rQ1cH7l0-YWKGN2w Game ID: woodfighter_1475100267 Your Inventory: Amulets u - an uncursed amulet of magical breathing (being worn) Weapons a - a +1 club (weapon in hand) t - a +1 bow (alternate weapon; not wielded) J - 34 +0 arrows (in quiver) O - 10 +1 arrows Armor d - an uncursed +0 dwarvish mithril-coat (being worn) e - a cursed +0 dwarvish cloak g - an uncursed +1 pair of iron shoes (being worn) n - an uncursed +0 dwarvish cloak q - an uncursed +0 dwarvish cloak r - an uncursed +0 dwarvish cloak z - an uncursed +0 orcish helm (being worn) I - a blessed +3 dwarvish cloak (being worn) N - an uncursed +0 dwarvish cloak Q - an uncursed +1 dwarvish cloak R - an uncursed +0 dwarvish cloak Y - an uncursed +0 dwarvish cloak Comestibles B - an uncursed orange T - an uncursed pancake Z - 2 uncursed lizard corpses Scrolls M - an uncursed scroll of blank paper Potions P - a cursed potion of object detection S - a cursed potion of oil Wands G - a wand of digging (0:4) Tools j - an uncursed oil lamp (lit) (0:892) s - an uncursed sack y - an uncursed skeleton key D - an uncursed magic whistle U - a can of grease (0:9) W - a +0 pick-axe Contents of the sack: 22 gold pieces a [uncursed] scroll of identify a [uncursed] scroll of punishment a [uncursed] scroll of scare monster a [uncursed] potion of fruit juice a [uncursed] potion of full healing a [uncursed] potion of hallucination a [uncursed] wand of digging [0:4] 2 [uncursed] tallow candles [0:200] 7 [uncursed] wax candles [0:400] Spells and supernatural/magical abilities: Name Level Category Fail Memory W - pray for help -- divine ? -- Your skills at the end: Miscellaneous Skills bare handed combat [Basic] stealth [Skilled] Weapon Skills scimitar [Basic] club [Expert] sling [Basic] Spellcasting Skills Final Attributes: You were piously aligned. You were poison resistant. Your writing hand was ok. You had infravision. You were stealthy. You could survive without air. You were fast. You are dead. Vanquished creatures: a titanothere 3 large mimics a quantum mechanic a small mimic a large cat a gelatinous cube a crocodile 3 giant beetles a black light a leprechaun 2 lizards an ice vortex a vampire bat 3 gnome kings 2 dogs a jaguar a dwarf lord a blue jelly 2 ravens a plains centaur a Woodland-elf a yellow light a rock piercer 11 gnome lords 3 gnomish wizards a red naga hatchling a golden naga hatchling a giant ant 18 dwarves 2 kobold lords a hill orc a rothe an orc zombie a coyote 2 hobbits a hobgoblin 3 giant rats a cave spider a brown mold 54 gnomes 7 manes a gnome zombie 6 jackals 4 newts a goblin 6 grid bugs 3 lichens 2 kobold zombies 165 creatures vanquished. Voluntary challenges: You did not cause conflict. You were not invisible. You did not have reflection. You were not displaced. You had been an atheist until turn 1885. You used a wielded weapon 286 times, starting on turn 96. You did not apply a unicorn horn. You did not use plumbed fixtures. You did not drink any magical draughts. You read items or engraved 2 times, starting on turn 1949. You never genocided any monsters. You never polymorphed an object. You never changed form. You used no wishes. You never split a pudding. You never wrote Elbereth's name. You never violated your personal moral code. Dungeon overview: The Dungeons of Doom: levels 1 to 3 Level 1 (water) a long staircase Level 2 some fountains, a sink stairs to The Gnomish Mines Level 3 a fountain The Gnomish Mines: levels 3 to 10 Level 3 stairs to The Dungeons of Doom Level 4 Level 5 Level 6 many shops, a temple to Anshar, a magic chest, some fountains, some trees Level 7 Level 8 Level 9 <- You were here Level 10 History has recorded: On T:1 you entered the Dungeons of Doom to retrieve the Amulet of Yendor! On T:31 you reached level 2 of The Dungeons of Doom. On T:601 you reached level 3 of The Dungeons of Doom. On T:680 you reached level 1 of The Gnomish Mines. On T:867 you advanced to experience level 2. On T:882 you reached level 2 of The Gnomish Mines. On T:888 you advanced to experience level 3. On T:930 you advanced to experience level 4. On T:1147 you advanced to experience level 5. On T:1680 you reached level 3 of The Gnomish Mines. On T:1708 you advanced to experience level 6. On T:1742 you reached level 4 of The Gnomish Mines. On T:1753 you reached level 5 of The Gnomish Mines. On T:1877 you entered the Minetown temple On T:1888 you opened a magic chest. On T:2251 you advanced to experience level 7. On T:3219 you reached level 6 of The Gnomish Mines. On T:3467 you advanced to experience level 8. On T:3639 you reached level 7 of The Gnomish Mines. On T:3851 you reached level 8 of The Gnomish Mines. On T:3851 you reached the bottom of the Mines. On T:4071 you prayed to Anshar. Score breakdown: Gold: 22 ( 2 points) Experience: 8 levels ( 700 points) Exploration: 10 levels ( 270 points) Discoveries: 25 items ( 1250 points) Variety of kills: 48 monsters ( 2000 points) Major goal: reached Mine's End ( 1000 points) Survival: died (score multiplied by 3) Total score: 15666 Latest messages: You feel your magical energy drain away! You stop exploring. You are carrying too much to get through. You hit the warhorse! The warhorse kicks! The warhorse misses. The warhorse kicks! The warhorse bites! You hit the warhorse! The warhorse kicks! The warhorse misses. The warhorse kicks! The warhorse bites! You hit the warhorse! You stop searching. (5x) The warhorse kicks! The warhorse bites! You hit the warhorse! The warhorse just misses! The warhorse bites! You hit the warhorse! You stop exploring. (2x) A floating eye blocks your way. You hit the floating eye! The floating eye turns to flee! As you meet its deep, meaningful gaze, you feel its suffering as though it were your own. You die... Final status: Goodbye woodfighter the Cavewoman, killed by vicarious suffering... You died in The Gnomish Mines on dungeon level 9 with 15666 points, and 22 pieces of gold, after 4333 moves. You were level 8 with a maximum of 84 hit points when you died.